 Seeded DCSS version 0.28.0-47-ge53b351184 (webtiles) character file.

Game seed: 18446744073709551615 (custom seed)

10 joe1234567 the Vandal (level 2, -4/25 HPs)
             Began as a Minotaur Hunter on May 2, 2022.
             Slain by Sigmund
             ... wielding a +0 scythe
              (7 damage)
             ... on level 2 of the Dungeon.
             The game lasted 00:05:15 (378 turns).

joe1234567 the Vandal (Minotaur Hunter)              Turns: 378, Time: 00:05:16

Health: -4/25      AC:  0    Str: 16    XL:     2   Next: 10%
Magic:  1/1        EV: 12    Int:  8    God:
Gold:   18         SH:  0    Dex: 10    Spells: 1/1 levels left

rFire   . . .      SeeInvis .   a - +1 hunting sling
rCold   . . .      Faith    .   (no shield)
rNeg    . . .      Spirit   .   (no armour)
rPois   .          Reflect  .   (helmet restricted)
rElec   .          Harm     .   (no cloak)
rCorr   .          Rampage  .   (no gloves)
Will    .....                   (no boots)
Stlth   +.........              (no amulet)
HPRegen 0.08/turn               (no ring)
MPRegen 0.07/turn               (no ring)

@: brilliant
A: horns 2, retaliatory headbutt
a: no special abilities


You were on level 2 of the Dungeon.
You visited 1 branch of the dungeon, and saw 2 of its levels.

You collected 18 gold pieces.

Inventory:

Hand Weapons
 a - a +1 hunting sling (weapon)
 b - a +0 short sword
Missiles
 d - 19 sling bullets (quivered ammo)
 e - a throwing net
 i - 12 stones
Armour
 h - a +0 chain mail of positive energy
 j - a +2 cloak


   Skills:
 + Level 2.8 Fighting
 + Level 4.7 Slings
 + Level 2.2 Dodging
 + Level 0.7 Stealth


You had one spell level left.
You didn't know any spells.
Your spell library was empty.

Dungeon Overview and Level Annotations

Branches:
Dungeon (1/15)

Altars:

Annotations:
D:2 Sigmund


Innate Abilities, Weirdness & Mutations

You have a pair of horns on your head.
You reflexively headbutt those who attack you in melee.


Message History

Things that are here:
a +0 dagger; a bat corpse; a goblin corpse You see here a +2 cloak.
You see here a +2 cloak.
j - a +2 cloak You drop a +0 leather armour. x2
Things that are here:
a +0 leather armour; a +0 leather armour You are too injured to fight recklessly!
It was a potion of brilliance.
You feel clever all of a sudden.
A frilled lizard comes into view.
The frilled lizard hisses angrily.
You hit the frilled lizard.
You kill the frilled lizard!
Okay, then.
a - a +1 hunting sling (weapon)
Fire: 20 sling bullets
Press: ? - help, Shift-Dir - straight line
Found a twisted peridot ring.
Fire: 20 sling bullets
Press: ? - help, Shift-Dir - straight line A dart slug comes into view.
A sourceless malevolence fills the Dungeon...
You fall into a shaft and drop 1 floor!
The shaft crumbles and collapses.
Sigmund the Dreaded comes into view.
He is wielding a +0 scythe.
Sigmund shouts!
Found 9 stones and 11 gold pieces.
Found 2 red potions.
Fire: 20 sling bullets
Press: ? - help, Shift-Dir - straight line, f - Sigmund
Aim: Sigmund, wielding a +0 scythe and wearing a +0 robe (57% to hit)
You shoot a sling bullet. The sling bullet hits Sigmund.
Sigmund is lightly wounded.
Sigmund gestures at you while chanting. The puff of flame hits you!
* * * LOW HITPOINT WARNING * * *
Sigmund hits you with a +0 scythe!
You die...

..... .....
.....$ ......
##### ..(..#
....###
....##.......
#..#.......
#.@@......
#..............
#....#.##......
.....#...
......
......... .....
.....#....
.....
##.!...... ....
#...#..... ....


You could see Sigmund.

Vanquished Creatures
  A bat (D:1)
  A giant cockroach (D:1)
  A goblin (D:1)
  A hobgoblin (D:1)
  A quokka (D:1)
  A ball python (D:1)
  3 frilled lizards (D:1)
  A rat (D:1)
10 creatures vanquished.

Notes
Turn   | Place    | Note
-------+----------+-------------------------------------------
     0 | D:1      | joe1234567 the Minotaur Hunter began the quest for the Orb.
     0 | D:1      | Reached XP level 1. HP: 18/18 MP: 0/0
   292 | D:1      | Reached XP level 2. HP: 7/25 MP: 1/1
   374 | D:1      | You fall into a shaft and drop 1 floor!
   374 | D:2      | Noticed Sigmund
   378 | D:2      | Slain by Sigmund

Illustrated notes

Levels and vault maps discovered:
D:1:      matt_arrival_refuge, layout_basic, ebering_ecumenical_altar_hall
D:2:      layout_rooms, uniq_sigmund

Action                   || total
-------------------------++-------
Melee: Short sword       ||    17
       Headbutt          ||     5
       Hunting sling     ||     1
 Fire: Hunting sling     ||     5
  Use: Potion            ||     1
Armor: Leather armour    ||     4
Dodge: Dodged            ||    19
